 Dungeon Crawl Stone Soup version 0.27.1-2-g3b301248ec (webtiles) character file.

Game seed: 12908633865746546261

1927 Rickety the Magician (level 9, 2/60 (65) HPs)
             Began as a Gnoll Venom Mage on Sept 24, 2021.
             Was an Initiate of Sif Muna.
             Quit the game on level 8 of the Dungeon.
             The game lasted 00:22:43 (8633 turns).

Rickety the Magician (Gnoll Venom Mage)             Turns: 8633, Time: 00:22:43

HP:   2/60 (65)     AC: 10    Str:  8    XL:     9   Next: 17%
MP:   18/18         EV: 14    Int: 17    God:    Sif Muna [......]
Gold: 378           SH:  0    Dex: 13    Spells: 8/20 levels left

rFire    + + .     SeeInvis .   b - +3 mace (protect)
rCold    . . .     Faith    .   (no shield)
rNeg     . . .     Spirit   .   d - +0 robe
rPois    .         Reflect  .   j - +0 helmet
rElec    .         Harm     .   (no cloak)
rCorr    .         Rampage  .   (no gloves)
Will     .....                  (no boots)
Stlth    +++.......             p - amulet of magic regeneration
HPRegen  0.20/turn              s - ring of protection from fire
MPRegen  0.41/turn              A - ring of protection from fire

@: under a protective aura, drained
A: fangs 1, strong nose, distributed training
a: Renounce Religion


You were on level 8 of the Dungeon.
You worshipped Sif Muna.
Sif Muna was noncommittal.
You visited 2 branches of the dungeon, and saw 9 of its levels.

You collected 378 gold pieces.

Inventory:

Hand Weapons
 a - a +1 dagger of speed
 b - a +3 mace of protection (weapon)
 k - a +2 dagger of protection
 l - a +0 dagger of draining
Missiles
 n - 21 poisoned darts
Armour
 d - a +0 robe (worn)
 j - a +0 helmet (worn)
Jewellery
 p - an amulet of magic regeneration (around neck)
 s - a ring of protection from fire (left hand)
 w - a ring of resist corrosion
 A - a ring of protection from fire (right hand)
Wands
 e - a wand of flame (23)
 v - a wand of acid (7)
 y - a wand of polymorph (7)
Scrolls
 c - a scroll of amnesia
 f - 3 scrolls of identify
 g - 5 scrolls of teleportation
 h - a scroll of silence {unknown}
 i - 3 scrolls of enchant weapon
 o - a scroll of vulnerability {unknown}
 q - a scroll of magic mapping {unknown}
 u - a scroll of holy word {unknown}
 B - a scroll of noise {unknown}
Potions
 r - 2 potions of magic
 t - a potion of lignification
 x - a potion of mutation


   Skills:
 + Level 4.0 Fighting
 + Level 4.0 Short Blades
 + Level 4.0 Long Blades
 + Level 4.0 Axes
 + Level 4.0 Maces & Flails
 + Level 4.0 Polearms
 + Level 4.0 Staves
 + Level 4.0 Slings
 + Level 4.0 Bows
 + Level 4.0 Crossbows
 + Level 4.0 Throwing
 + Level 4.0 Armour
 + Level 6.1 Dodging
 + Level 5.8 Stealth
 + Level 4.0 Shields
 + Level 4.0 Unarmed Combat
 + Level 6.4 Spellcasting
 + Level 3.2 Conjurations
 + Level 3.2 Hexes
 + Level 3.2 Summonings
 + Level 3.2 Necromancy
 + Level 3.2 Translocations
 + Level 4.0 Transmutations
 + Level 3.2 Fire Magic
 + Level 3.2 Ice Magic
 + Level 3.2 Air Magic
 + Level 3.2 Earth Magic
 + Level 6.4 Poison Magic
 + Level 4.4 Invocations
 + Level 4.0 Evocations


You had 8 spell levels left.
You knew the following spells:

 Your Spells              Type           Power      Damage    Failure   Level
a - Sting                 Tmut/Pois      92%        1d7       1%          1
d - Dazzling Flash        Conj/Hex       32%        N/A       10%         3
m - Mephitic Cloud        Conj/Pois/Air  20%        N/A       6%          3
n - Inner Flame           Hex/Fire       16%        N/A       10%         3
v - Poisonous Vapours     Pois/Air       44%        N/A       2%          2

Your spell library contained the following spells:

 Spells                   Type           Power      Damage    Failure   Level
 Foxfire                  Conj/Fire      64%        2x1d7     3%          1
 Magic Dart               Conj           64%        1d6       3%          1
 Searing Ray              Conj           32%        3d4       4%          2
 Olgreb's Toxic Radiance  Pois           27%        N/A       9%          4
 Conjure Flame            Conj/Fire      16%        6-21      10%         3
 Stone Arrow              Conj/Erth      32%        3d9       10%         3
 Fulminant Prism          Conj/Hex       8%         3d7       32%         4
 Iskenderun's Mystic Bla  Conj/Tloc      16%        2d5       32%         4
 Bolt of Magma            Conj/Fire/Erth 8%         4d6       65%         5
 Starburst                Conj/Fire      8%         6d4       99%         6
 Shatter                  Erth           8%         3d10*     100%        9


Dungeon Overview and Level Annotations

Branches:
Dungeon (8/15)             Temple (1/1) D:6
   Lair: D:8-11

Altars:
Cheibriados
Dithmenos
Elyvilon
Gozag
Kikubaaqudgha
Makhleb
Nemelex Xobeh
Okawaru
Qazlal
Ru
Sif Muna
Trog
Vehumet
Wu Jian
Xom
Yredelemnul
Zin
The Shining One

Shops:
D:7 (


Innate Abilities, Weirdness & Mutations

You have very sharp teeth.
Your uncanny sense of smell can sniff out nearby items.
Your experience applies equally to all skills.


Message History

You can't see any susceptible monsters within range! (Use Z to cast anyway.) Unknown command.
You closely miss the wight.
The wight is lightly damaged.
The wight completely misses you. The wight barely misses you.
You hit the wight.
The wight is lightly damaged.
The wight hits you with a +3 battleaxe.
You feel drained.
You hit the wight but do no damage. You bite the wight, but do no damage.
The wight is lightly damaged.
The wight barely misses you. The wight hits you with a +3 battleaxe!
You feel drained.
You hit the wight.
The wight is heavily damaged.
The wight closely misses you. x2
You hit the wight but do no damage. You bite the wight, but do no damage.
The wight is heavily damaged.
The wight hits you with a +1 vorpal falchion.
The wight barely misses you.
You hit the wight but do no damage.
The wight is heavily damaged.
The wight hits you with a +1 vorpal falchion.
The wight hits you with a +3 battleaxe! The wight closely misses you.
The wight completely misses you.
You closely miss the wight.
The wight is heavily damaged.
The wight closely misses you. x2
You hit the wight but do no damage.
The wight is heavily damaged.
The wight hits you with a +3 battleaxe!
* * * LOW HITPOINT WARNING * * *
The wight hits you but does no damage.
It was a potion of cancellation.
You feel magically purged. The wight misses you.
The wight hits you with a +3 battleaxe!
* * * LOW HITPOINT WARNING * * *
The wight hits you with a +1 vorpal falchion.
* * * LOW HITPOINT WARNING * * *
You feel drained.
* * * LOW HITPOINT WARNING * * *
Are you sure you want to abandon this character and quit the game? (Confirm with "yes".)

#....##...# ######
#...##...##.....# ∆
####...............
##.#+#..#...........
#._.###.#.........[.
##.#'#..z...........
####..#............
##zz##............
#@z####...########
#...## #..z# #####
..... ..... .....
...... .....#


You could see 4 wights.

Vanquished Creatures
  A hornet (D:6)
  Grinder (D:3)
  Sigmund (D:2)
  Duvessa (D:5)
  An orc warrior (D:8)
  An ice beast (D:6)
  An ogre (D:5)
  2 phantoms
  3 bullfrogs
  Dowan (D:5)
  A water moccasin skeleton (D:6)
  A centaur zombie (D:6)
  2 hounds
  A centaur skeleton (D:4)
  A gnoll shaman (D:6)
  2 iguanas (D:6)
  An orc wizard (D:6)
  Natasha (thrice) (D:3)
  A hound zombie (D:5)
  Robin (D:2)
  7 gnolls
  7 adders
  An ufetubus (D:6)
  A worm (D:2)
  3 dart slugs
  20 orcs
  7 ball pythons
  5 bats
  2 endoplasms
  3 giant cockroaches
  14 goblins
  13 hobgoblins
  4 jackals
  4 quokkas
  4 frilled lizards
  10 kobolds
  4 rats
136 creatures vanquished.

Vanquished Creatures (others)
  10 demonic plants (D:2)
  4 fungi (D:2)
  7 plants (D:2)
  3 withered plants (D:2)
24 creatures vanquished.

Grand Total: 160 creatures vanquished

Notes
Turn   | Place    | Note
-------+----------+-------------------------------------------
     0 | D:1      | Rickety the Gnoll Venom Mage began the quest for the Orb.
     0 | D:1      | Reached XP level 1. HP: 13/13 MP: 6/6
   192 | D:1      | Reached XP level 2. HP: 19/19 MP: 4/7
   198 | D:1      | Learned a level 2 spell: Poisonous Vapours
   727 | D:1      | Reached XP level 3. HP: 23/25 MP: 2/9
   731 | D:1      | Learned a level 3 spell: Mephitic Cloud
  1067 | D:2      | Reached skill level 5 in Spellcasting
  1117 | D:2      | Reached skill level 1 in Invocations
  1277 | D:2      | Noticed Sigmund
  1548 | D:2      | Reached skill level 1 in Fighting
  1548 | D:2      | Reached skill level 1 in Short Blades
  1548 | D:2      | Reached skill level 1 in Long Blades
  1548 | D:2      | Reached skill level 1 in Axes
  1548 | D:2      | Reached skill level 1 in Maces & Flails
  1548 | D:2      | Reached skill level 1 in Polearms
  1548 | D:2      | Reached skill level 1 in Staves
  1548 | D:2      | Reached skill level 1 in Slings
  1548 | D:2      | Reached skill level 1 in Bows
  1548 | D:2      | Reached skill level 1 in Crossbows
  1548 | D:2      | Reached skill level 1 in Throwing
  1548 | D:2      | Reached skill level 1 in Armour
  1548 | D:2      | Reached skill level 1 in Shields
  1548 | D:2      | Reached skill level 1 in Unarmed Combat
  1548 | D:2      | Reached skill level 1 in Evocations
  1637 | D:2      | Reached XP level 4. HP: 32/32 MP: 8/11
  1839 | D:2      | Found a faded altar of an unknown god.
  2094 | D:2      | Killed Sigmund
  2095 | D:2      | Reached skill level 1 in Conjurations
  2095 | D:2      | Reached skill level 1 in Hexes
  2095 | D:2      | Reached skill level 1 in Summonings
  2095 | D:2      | Reached skill level 1 in Necromancy
  2095 | D:2      | Reached skill level 1 in Translocations
  2095 | D:2      | Reached skill level 1 in Fire Magic
  2095 | D:2      | Reached skill level 1 in Ice Magic
  2095 | D:2      | Reached skill level 1 in Air Magic
  2095 | D:2      | Reached skill level 1 in Earth Magic
  2095 | D:2      | Reached XP level 5. HP: 38/38 MP: 1/12
  2339 | D:2      | Reached XP level 6. HP: 36/44 MP: 6/13
  2461 | D:2      | Noticed Robin
  2467 | D:2      | Killed Robin
  3183 | D:3      | Noticed Grinder
  3204 | D:3      | Killed Grinder
  3205 | D:3      | Reached skill level 5 in Dodging
  3205 | D:3      | Reached XP level 7. HP: 17/50 MP: 2/15
  3726 | D:3      | Noticed Natasha
  3733 | D:3      | Killed Natasha
  4166 | D:3      | Noticed Natasha
  4178 | D:3      | Killed Natasha
  4278 | D:3      | Noticed Natasha
  4284 | D:3      | Killed Natasha
  4461 | D:4      | Reached skill level 5 in Stealth
  5632 | D:5      | Entered Level 5 of the Dungeon
  5750 | D:5      | Identified the +1 leather armour of the Trombone {Rampage
                  | rC+ Int-5 Dex+6}
  5893 | D:5      | Reached XP level 8. HP: 57/57 MP: 5/16
  5997 | D:5      | Found a shadowy altar of Dithmenos.
  6226 | D:5      | Noticed Duvessa
  6250 | D:5      | Killed Duvessa
  6251 | D:5      | Noticed Dowan
  6262 | D:5      | Killed Dowan
  6733 | D:6      | Learned a level 3 spell: Dazzling Flash
  7052 | D:6      | Learned a level 3 spell: Inner Flame
  7119 | D:6      | Found a staircase to the Ecumenical Temple.
  7128 | Temple   | Entered the Ecumenical Temple
  7139 | Temple   | Became a worshipper of Sif Muna the Loreminder
  7426 | D:6      | Noticed a hornet
  7436 | D:6      | Killed a hornet
  7673 | D:6      | Reached XP level 9. HP: 59/65 MP: 8/18
  8130 | D:7      | Found Enysovyaso's Weapon Shop.
  8525 | D:8      | Found a sparkling altar of Nemelex Xobeh.
  8632 | D:8      | HP: 3/61 [wight (5)]
  8633 | D:8      | Quit the game

Illustrated notes

Levels and vault maps discovered:
D:1:      tarquinn_simple_flora_water_a, layout_basic
D:2:      layout_loops_cross, shapermc_ecumenical_altar_gd, st_stairs_12,
          minmay_split_cup_large, uniq_robin, uniq_sigmund
D:3:      layout_basic, nrook_mini_backslash, grunt_decor_mini_mirrors,
          uniq_grinder, uniq_natasha
D:4:      layout_basic
D:5:      layout_basic, grunt_dithmenos_smoke, st_stairs_13, uniq_duvessa
D:6:      layout_basic, lemuel_temple_firewalk_a
D:7:      layout_gridville, mainiacjoe_overflow_alcove_1,
          mainiacjoe_overflow_six_doors_small, serial_shops, shop
D:8:      layout_gridville, nicolae_uskayaw_en_pointe,
          nemelex_diamond_rough_becter
Temple:   lightli_temple_of_artemis

Skill      XL: |  1  2  3  4  5  6  7  8  9 |
---------------+----------------------------+-----
Transmutations | 2 3 4 |  4.0
Spellcasting   | 5 6 |  6.4
Invocations    | 1 2 3 4 |  4.4
Fighting       | 1 2 3 4 |  4.0
Short Blades   | 1 2 3 4 |  4.0
Long Blades    | 1 2 3 4 |  4.0
Axes           | 1 2 3 4 |  4.0
Maces & Flails | 1 2 3 4 |  4.0
Polearms       | 1 2 3 4 |  4.0
Staves         | 1 2 3 4 |  4.0
Slings         | 1 2 3 4 |  4.0
Bows           | 1 2 3 4 |  4.0
Crossbows      | 1 2 3 4 |  4.0
Throwing       | 1 2 3 4 |  4.0
Armour         | 1 2 3 4 |  4.0
Shields        | 1 2 3 4 |  4.0
Unarmed Combat | 1 2 3 4 |  4.0
Evocations     | 1 2 3 4 |  4.0
Conjurations   | 1 2 3 |  3.2
Hexes          | 1 2 3 |  3.2
Summonings     | 1 2 3 |  3.2
Necromancy     | 1 2 3 |  3.2
Translocations | 1 2 3 |  3.2
Fire Magic     | 1 2 3 |  3.2
Ice Magic      | 1 2 3 |  3.2
Air Magic      | 1 2 3 |  3.2
Earth Magic    | 1 2 3 |  3.2
Dodging        | 5 6 |  6.1
Stealth        | 5 |  5.8
Poison Magic   | 6 |  6.4

Action                   |  1- 3 |  4- 6 |  7- 9 || total
-------------------------+-------+-------+-------++-------
Melee: Dagger            |    16 |    48 |   116 ||   180
       Bite              |       |     3 |    25 ||    28
       Mace              |       |       |   109 ||   109
 Cast: Sting             |    29 |    41 |    72 ||   142
       Poisonous Vapours |    25 |    31 |    65 ||   121
       Mephitic Cloud    |     1 |     3 |    15 ||    19
       Dazzling Flash    |       |       |     6 ||     6
       Inner Flame       |       |       |     1 ||     1
  Use: Potion            |       |     1 |     5 ||     6
       Scroll            |       |       |     8 ||     8
 Stab: Confused          |       |       |     8 ||     8
       Sleeping          |       |       |     4 ||     4
       Invisible         |       |       |     3 ||     3
Armor: Robe              |     3 |    18 |    69 ||    90
Dodge: Dodged            |    20 |    51 |   213 ||   284
